 Dungeon Crawl Stone Soup version 0.27-a0-1140-g099f9bb (webtiles) character file.

Game seed: 7607897230135917940

74 Meow the Caller (level 4, 37/37 HPs)
             Began as a Naga Summoner on May 9, 2021.
             Quit the game on level 3 of the Dungeon.
             The game lasted 00:09:02 (1763 turns).

Meow the Caller (Naga Summoner)                     Turns: 1763, Time: 00:09:02

Health: 37/37      AC:  3    Str: 10    XL:     4   Next: 30%
Magic:  7/7        EV: 10    Int: 16    God:
Gold:   142        SH:  0    Dex: 12    Spells: 2/8 levels left

rFire    . . .     SeeInvis +   a - +0 spear
rCold    . . .     Faith    .   (no shield)
rNeg     . . .     Spirit   .   b - +0 robe
rPois    +         Reflect  .   m - +0 helmet
rElec    .         Harm     .   (no cloak)
rCorr    .         Rampage  .   (no gloves)
Will     .....                  (no barding)
Stlth    ++........             (no amulet)
HPRegen  0.12/turn              (no ring)
MPRegen  0.10/turn              (no ring)

@: very slow
A: AC +1, large, see invisible, deformed body, poison resistance, slowness 2,
spit poison 1, naga tail 1
a: Spit Poison


You were on level 3 of the Dungeon.
You visited 1 branch of the dungeon, and saw 3 of its levels.

You collected 142 gold pieces.

Inventory:

Hand Weapons
 a - a +0 spear (weapon)
 f - a +0 dagger
 h - a +3 dagger
Missiles
 n - 33 stones
Armour
 b - a +0 robe (worn)
 m - a +0 helmet (worn)
Scrolls
 c - a scroll of immolation {unknown}
 d - a scroll of blinking {unknown}
 g - 2 scrolls of identify {unknown}
 i - a scroll of amnesia {unknown}
 j - a scroll of vulnerability {unknown}
Potions
 e - a potion of lignification
 k - a potion of curing
 l - a potion of might {unknown}
 p - a potion of brilliance {unknown}


   Skills:
 + Level 0.6 Fighting
 + Level 0.7 Short Blades
 + Level 0.8 Polearms
 - Level 1.5 Dodging
 - Level 3.0 Stealth
 + Level 2.6 Spellcasting
 + Level 4.9 Summonings


You had 2 spell levels left.
You knew the following spells:

 Your Spells              Type           Power      Damage    Failure   Level
a - Summon Small Mammal   Summ           68%        N/A       2%          1
b - Call Canine Familiar  Summ           17%        N/A       8%          3
B - Call Imp              Summ           17%        N/A       3%          2

Your spell library contained the following spells:

 Spells                   Type           Power      Damage    Failure   Level
 Summon Guardian Golem    Hex/Summ       10%        N/A       22%         3
 Summon Ice Beast         Ice/Summ       10%        N/A       56%         4
 Summon Lightning Spire   Summ/Air       10%        N/A       56%         4


Dungeon Overview and Level Annotations

Branches:
Dungeon (3/15)

Altars:
Yredelemnul


Innate Abilities, Weirdness & Mutations

Your serpentine skin is tough. (AC +1)
You have supernaturally acute eyesight. (SInv)
Armour fits poorly on your strangely shaped body.
Your system is resistant to poisons. (rPois)
You cover ground very slowly.
You can spit poison.
You have a snake-like lower body.


Message History

a +0 club; a goblin corpse HP restored.
Your quokka disappears in a puff of smoke!
Found a stone staircase leading down.
g - 2 scrolls labelled ULEUFOADAP (gained 1)
There is a stone staircase leading down here.
A hobgoblin comes into view.
A giant cockroach comes into view.
The hobgoblin shouts!
Found 10 gold pieces.
Found a stone staircase leading up.
Press: ? - help, Shift-Dir - straight line, f - hobgoblin
Aim: a hobgoblin The splash of poison hits the hobgoblin!
You kill the hobgoblin!
Unknown command.
You can't do that yet.
Unknown command.
The giant cockroach bites you. The giant cockroach barely misses you.
You barely miss the giant cockroach.
You have got your breath back.
The giant cockroach bites you but does no damage.
You barely miss the giant cockroach.
The giant cockroach bites you but does no damage.
Press: ? - help, Shift-Dir - straight line, f - giant cockroach
Aim: a giant cockroach The splash of poison misses the giant cockroach.
The giant cockroach barely misses you. x2
You hit the giant cockroach but do no damage.
The giant cockroach bites you but does no damage.
You hit the giant cockroach.
You kill the giant cockroach!
You have got your breath back.
You now have 142 gold pieces (gained 10).
Found an escape hatch in the floor.
Found a basalt altar of Yredelemnul.
Found a stone staircase leading up.
Are you sure you want to abandon this character and quit the game? (Confirm with "yes".)
Okay, then.
Unknown command.
Are you sure you want to abandon this character and quit the game? (Confirm with "yes".)

#.# #.# ########.# #.#
.......#.# #.#
.......#.# #.#
.......#.# #.#
.......#.# #.#
<........###.#####
.......##....#<..#
.............# #@#
.......##....###.#######
#########...............
#..........#####
#..........#
.............#
#.≈≈≈≈≈≈......#
#.≈≈≈≈≈≈.######
#.≈≈⌠>≈≈.#


There were no monsters in sight!

Vanquished Creatures
  An adder (D:3)
  A dart slug (D:1)
  3 ball pythons
  6 bats
  4 endoplasms
  3 giant cockroaches
  4 goblins
  6 hobgoblins
  2 jackals
  A quokka (D:3)
  3 frilled lizards
  A kobold (D:2)
  4 rats
39 creatures vanquished.

Vanquished Creatures (collateral kills)
  An adder (D:2)
  A worm (D:3)
  4 endoplasms
  A giant cockroach (D:3)
  2 goblins
  4 jackals
  A quokka (D:2)
  2 ball pythons
  3 bats
  A kobold (D:2)
20 creatures vanquished.

Vanquished Creatures (others)
  3 plants (D:1)
3 creatures vanquished.

Grand Total: 62 creatures vanquished

Notes
Turn   | Place    | Note
-------+----------+-------------------------------------------
     0 | D:1      | Meow the Naga Summoner began the quest for the Orb.
     0 | D:1      | Reached XP level 1. HP: 15/15 MP: 3/3
   145 | D:1      | Reached XP level 2. HP: 22/22 MP: 3/5
   585 | D:1      | Reached XP level 3. HP: 25/28 MP: 3/6
   589 | D:1      | Learned a level 3 spell: Call Canine Familiar
   826 | D:2      | Learned a level 2 spell: Call Imp
  1581 | D:3      | Reached XP level 4. HP: 33/36 MP: 3/7
  1756 | D:3      | Found a basalt altar of Yredelemnul.
  1763 | D:3      | Quit the game

Illustrated notes

Levels and vault maps discovered:
D:1:      eino_arrival_tree_alley, layout_loops_cross, serial_park_tiny_1
D:2:      layout_loops_ring, minmay_pentomino_s4
D:3:      layout_basic, general_overflow_altar

Action                   |  1- 3 |  4- 6 || total
-------------------------+-------+-------++-------
Melee: Dagger            |     9 |       ||     9
       Spear             |    57 |    11 ||    68
 Cast: Summon Small Mamm |    20 |     3 ||    23
       Call Canine Famil |     7 |       ||     7
       Call Imp          |     4 |       ||     4
 Abil: Spit Poison       |    39 |     8 ||    47
  Use: Scroll            |     2 |       ||     2
       Potion            |     2 |       ||     2
Armor: Robe              |    22 |     4 ||    26
Dodge: Dodged            |    43 |     9 ||    52

Table legend: (Time is in decaauts)
 A = Elapsed time spent in this place.
 B = Non-inter-level travel time spent in this place.
 C = Inter-level travel time spent in this place.
 D = Time resting spent in this place.
 E = Time spent auto-exploring this place.
 F = Levels seen in this place.
 G = Mean time per level.
                   A        B        C        D        E       F      G
               +--------+--------+--------+--------+--------+-----+--------+
         Total |   2263 |   2227 |     36 |    282 |   1473 |   3 |  754.3 |
       Dungeon |   2263 |   2227 |     36 |    282 |   1473 |   3 |  754.3 |
               +--------+--------+--------+--------+--------+-----+--------+

Top non-repeatable levels by time:
     D:2: 1100 daAuts
     D:1: 886 daAuts
     D:3: 276 daAuts
